 Dungeon Crawl Stone Soup version 0.22-a0-274-gf8199ec (webtiles) character file.

116 varam the Digger (level 5, -3/31 HPs)
             Began as an Octopode Earth Elementalist on Mar 13, 2018.
             Slain by a gnoll
             ... wielding a +0 whip
              (6 damage)
             ... on level 5 of the Dungeon.
             The game lasted 00:09:52 (2765 turns).

varam the Digger (Octopode Earth Elementalist)      Turns: 2765, Time: 00:09:52

Health: -3/31      AC:  1    Str:  8    XL:     5   Next: 1%
Magic:  5/9        EV: 13    Int: 18    God:
Gold:   150        SH:  0    Dex: 12    Spells: 3/9 levels left

rFire    . . .     SeeInvis .   h - +1 whip (drain)
rCold    . . .     Gourm    .   (no shield)
rNeg     . . .     Faith    .   (helmet restricted)
rPois    .         Spirit   .   (no amulet)
rElec    .         Reflect  .   (no ring)
rCorr    .         Harm     .   (no ring)
MR       .....                  (no ring)
Stlth    +++.......             (no ring)
HPRegen  0.10/turn              (no ring)
MPRegen  0.11/turn              (no ring)
                                (no ring)
                                (no ring)

@: flying
A: almost no armour, stealthy swim, amphibious, 8 rings, constrict 8, camouflage
1, gelatinous body 1
a: no special abilities


You were on level 5 of the Dungeon.
You were not hungry.

You visited 1 branch of the dungeon, and saw 6 of its levels.

You collected 150 gold pieces.

Inventory:

Hand Weapons
 h - a +1 whip of draining (weapon)
Missiles
 b - 46 stones (quivered)
Wands
 p - a wand of paralysis (7)
Scrolls
 a - 2 scrolls of fog {unknown}
 d - a scroll of enchant weapon {unknown}
 e - a scroll of immolation {unknown}
 f - 2 scrolls of remove curse
 g - 2 scrolls of amnesia {unknown}
 i - a scroll of fear {unknown}
 k - 2 scrolls of identify {unknown}
Potions
 l - 2 potions of curing
 n - a potion of cancellation {unknown}
 q - a potion of flight
 r - a potion of invisibility {unknown}
Comestibles
 c - 4 rations
 m - a chunk of flesh


   Skills:
 - Level 2.0 Dodging
 - Level 4.1 Stealth
 + Level 2.8 Spellcasting
 + Level 0.1 Conjurations
 - Level 1.0 Transmutations
 * Level 4.4 Earth Magic


You had 3 spell levels left.
You knew the following spells:

 Your Spells              Type           Power        Failure   Level  Hunger
a - Sandblast             Erth           ###...       2%          1    None
b - Passwall              Tmut/Erth      ##........   9%          2    ##.....
c - Stone Arrow           Conj/Erth      ##....       19%         3    ###....


Dungeon Overview and Level Annotations

Branches:
Dungeon (6/15)
 Temple: D:4-7

Altars:
Gozag
Okawaru
Wu Jian

Annotations:
D:3 Grinder
D:5 Ijyb


Innate Abilities, Weirdness & Mutations

You cannot wear most types of armour.
You are very stealthy in the water. (Stealth+)
You are amphibious.
You can wear up to eight rings at the same time.
You can use your tentacles to constrict eight enemies at once.
Your skin changes colour to match your surroundings (Stealth+).
Your rubbery body absorbs attacks. (AC +1, EV +1)


Message History

The gnoll barely misses you.
Casting: Passwall (safe; 9% risk of failure)
Confirm with . or Enter, or press ? or * to list all spells.
Which direction?
That's not a passable wall.
You closely miss the gnoll. Your grab misses the gnoll.
The gnoll barely misses you. The gnoll hits you! The gnoll barely misses you.
Casting: Passwall (safe; 9% risk of failure)
Confirm with . or Enter, or press ? or * to list all spells.
Aiming: Sandblast (safe; 2% risk of failure)
Press: ? - help, Shift-Dir - straight line, f - gnoll
Aim: a gnoll The blast of sand hits the gnoll.
The gnoll is almost dead.
b - 46 stones The gnoll hits you from afar with a spear.
The gnoll hits you!
* * * LOW HITPOINT WARNING * * *
The gnoll hits you with a whip.
You die...

#.##.........
+....>#######
+.##### +.#
#.# #.# ##g+
##g.# #@g.#
#####


You could see 3 gnolls.

Vanquished Creatures
  A bullfrog zombie (D:3)
  2 adders
  An ooze (D:2)
  3 dart slugs
  2 leopard geckos
  2 orcs (D:3)
  2 giant cockroaches (D:3)
  6 goblins
  5 hobgoblins
  2 jackals (D:3)
  3 bats
  3 frilled lizards
  13 kobolds
  10 rats
55 creatures vanquished.

Notes
Turn   | Place    | Note
-------+----------+-------------------------------------------
     0 | D:1      | varam the Octopode Earth Elementalist began the quest for the Orb.
     0 | D:1      | Reached XP level 1. HP: 11/11 MP: 3/3
   269 | D:1      | Reached skill level 3 in Stealth
   269 | D:1      | Reached XP level 2. HP: 17/17 MP: 3/5
   274 | D:1      | Learned a level 2 spell: Passwall
   879 | D:2      | Reached XP level 3. HP: 21/21 MP: 6/6
   926 | D:2      | Found an iron altar of Okawaru.
  1192 | D:2      | Found Gozag's Platinum Reserve.
  1193 | D:2      | Found an opulent altar of Gozag.
  1799 | D:3      | Found an ornate altar of the Wu Jian Council.
  1818 | D:3      | Reached skill level 4 in Earth Magic
  1818 | D:3      | Reached XP level 4. HP: 20/27 MP: 2/7
  2010 | D:3      | Noticed Grinder
  2033 | D:3      | Paralysed by Grinder for 6 turns
  2045 | D:4      | Noticed Ijyb
  2342 | D:3      | Paralysed by Grinder for 2 turns
  2644 | D:3      | Reached skill level 4 in Stealth
  2649 | D:3      | Learned a level 3 spell: Stone Arrow
  2711 | D:4      | Reached XP level 5. HP: 29/31 MP: 7/9
  2720 | D:5      | Entered Level 5 of the Dungeon
  2725 | D:5      | HP: 2/31 [acid (10)]
  2748 | D:6      | Noticed a centaur
  2748 | D:6      | Noticed an ogre
  2765 | D:5      | HP: 3/31 [gnoll (7)]
  2765 | D:5      | Slain by a gnoll

Vault maps used:
D:1:      lemuel_arrival_lava_pool
D:2:      nicolae_gozag_zags_fifth_avenue, okawaru_ov_weapons_minmay
D:3:      nicolae_overflow_crystal_walls, uniq_grinder
D:4:      kennysheep_little_box, serial_shops, shop, first_ration,
          minmay_door_square, uniq_edmund, uniq_purgy, uniq_sigmund, uniq_ijyb
D:5:      grunt_temple_overflow_lords_of_destruction, kennysheep_donut
D:6:      tgw_trog, minmay_temple_entry_glassed_door, serial_shops, shop,
          portal_sewer_entry_d

Skill      XL: |  1  2  3  4 |
---------------+-------------+-----
Stealth        | 3 4 |  4.1
Earth Magic    | 4 |  4.4
Dodging        | |  2.0
Spellcasting   | |  2.8
Conjurations   | |  0.1
Transmutations | |  1.0

Action                   |  1- 3 |  4- 6 || total
-------------------------+-------+-------++-------
Melee: Unarmed           |    16 |       ||    16
       Tentacles         |     3 |     2 ||     5
       Whip              |    27 |     8 ||    35
       Constrict         |     8 |     2 ||    10
 Cast: Sandblast         |    25 |    27 ||    52
       Stone Arrow       |       |     1 ||     1
  Use: Scroll            |       |     3 ||     3
       Potion            |       |     4 ||     4
 Stab: Sleeping          |     8 |       ||     8
  Eat: Chunk             |     2 |     4 ||     6
Armor: Skin              |     5 |     3 ||     8
Dodge: Dodged            |    45 |    33 ||    78

Table legend:
 A = Spawn XP
 B = Non-spawn XP
 C = Spawn XP percentage of total XP
 D = Spawn monster count
 E = Non-spawn monster count
 F = Spawn count percentage of total count
 G = Total turns spent on level
                    A         B        C        D         E        F      G
               +---------+---------+-------+---------+---------+-------+---------
         Total |       0 |     167 |   0.0 |       0 |      55 |   0.0 |  2765
               +---------+---------+-------+---------+---------+-------+---------
           D:1 |       0 |      33 |   0.0 |       0 |      20 |   0.0 |   810
           D:2 |       0 |      34 |   0.0 |       0 |      15 |   0.0 |  1123
           D:3 |       0 |      86 |   0.0 |       0 |      18 |   0.0 |   767
           D:4 |       0 |      14 |   0.0 |       0 |       2 |   0.0 |    20
               +---------+---------+-------+---------+---------+-------+---------
